 Dungeon Crawl Stone Soup version 0.26.0-45-g9c1d065592 (webtiles) character file.

Game seed: 17174260788080301201

(classic levelgen) 248 thiole the Cutter (level 6, -3/39 HPs)
             Began as an Octopode Hedge Wizard on Jan 28, 2021.
             Slain by Menkaure (20 damage)
             ... on level 4 of the Dungeon.
             The game lasted 00:08:38 (3687 turns).

thiole the Cutter (Octopode Hedge Wizard)           Turns: 3687, Time: 00:08:38

Health: -3/39      AC:  1    Str:  9    XL:     6   Next: 12%
Magic:  8/10       EV: 11    Int: 18    God:
Gold:   92         SH:  7    Dex: 12    Spells: 10/11 levels left

rFire    . . .     SeeInvis .   n - +0 short sword (drain)
rCold    . . .     Faith    .   p - +0 kite shield
rNeg     . . .     Spirit   .   t - +0 hat
rPois    .         Reflect  .   (no amulet)
rElec    .         Harm     .   (no ring)
rCorr    .         Rampage  .   (no ring)
Will     .....                  (no ring)
Stlth    +++.......             (no ring)
HPRegen  0.13/turn              (no ring)
MPRegen  0.12/turn              (no ring)
                                (no ring)
                                (no ring)

@: very slightly contaminated
A: almost no armour, stealthy swim, amphibious, 8 rings, constrict 8, camouflage
1, gelatinous body 1
a: no special abilities


You were on level 4 of the Dungeon.
You visited 2 branches of the dungeon, and saw 5 of its levels.

You collected 92 gold pieces.

Inventory:

Hand Weapons
 a - a +0 dagger
 e - a +0 whip
 n - a +0 short sword of draining (weapon)
Missiles
 c - 141 stones
 g - 14 poisoned darts
 j - 48 arrows
 u - 12 javelins
Armour
 b - a +0 hat
 p - a +0 kite shield (worn)
 t - a +0 hat (worn)
Jewellery
 d - a +6 ring of strength {unknown}
 y - an uncursed ring of positive energy {unknown}
Wands
 z - a wand of paralysis (10)
 A - a wand of enslavement (7)
Scrolls
 h - 4 scrolls of teleportation {unknown}
 i - a scroll of blinking {unknown}
 l - 4 scrolls of identify {unknown}
 m - a scroll of noise {unknown}
 r - a scroll of enchant weapon {unknown}
 s - 2 scrolls of magic mapping {unknown}
 v - 2 scrolls of remove curse {unknown}
 w - a scroll of fear {unknown}
 x - a scroll of fog {unknown}
Potions
 f - a potion of might {unknown}
 k - 2 potions of flight {unknown}
 o - a potion of berserk rage {unknown}
 q - a potion of attraction {unknown}


   Skills:
 - Level 2.0 Fighting
 + Level 3.2 Short Blades
 - Level 2.0 Dodging
 - Level 2.6 Stealth
 + Level 2.6 Shields
 - Level 3.0 Spellcasting
 - Level 3.0 Conjurations
 - Level 1.0 Summonings
 - Level 1.0 Translocations


You had 10 spell levels left.
You knew the following spells:

 Your Spells              Type           Power        Failure   Level
a - Magic Dart            Conj           52%          24%         1

Your spell library contained the following spells:

 Spells                   Type           Power        Failure   Level
 Blink                    Tloc           N/A          63%         2
 Call Imp                 Summ           6%           63%         2
 Slow                     Hex            2%           77%         2
 Conjure Flame            Conj/Fire      8%           78%         3
 Mephitic Cloud           Conj/Pois/Air  6%           85%         3


Dungeon Overview and Level Annotations

Branches:
Dungeon (4/15)             Temple (1/1) D:4

Altars:
Ashenzari
Cheibriados
Dithmenos
Fedhas
Gozag
Hepliaklqana
Kikubaaqudgha
Makhleb
Nemelex Xobeh
Ru
Sif Muna
Trog
Uskayaw
Vehumet
Wu Jian
Xom

Annotations:
D:4 Menkaure


Innate Abilities, Weirdness & Mutations

You cannot wear most types of armour.
You are very stealthy in the water. (Stealth+)
You are amphibious.
You can wear up to eight rings at the same time.
You can use your tentacles to constrict eight enemies at once.
Your skin changes colour to match your surroundings (Stealth+).
Your rubbery body absorbs attacks. (AC +1, EV +1)


Message History

Casting: Magic Dart (safe; 24% risk of failure)
Confirm with . or Enter, or press ? or * to list all spells.
Aiming: Magic Dart (safe; 24% risk of failure)
Press: ? - help, Shift-Dir - straight line, f - Menkaure
Aim: Menkaure (heavily damaged, constricted by you, 0% to evade)
You miscast Magic Dart.
You are very lightly contaminated with residual magic.
Nothing appears to happen.
You constrict Menkaure. Menkaure casts a spell at you.
You barely resist.
Casting: Magic Dart (safe; 24% risk of failure)
Confirm with . or Enter, or press ? or * to list all spells.
Aiming: Magic Dart (safe; 24% risk of failure)
Press: ? - help, Shift-Dir - straight line, f/p - Menkaure
Aim: Menkaure (severely damaged, constricted by you, 0% to evade)
The magic dart hits Menkaure but does no damage.
Menkaure is severely damaged.
You constrict Menkaure. Menkaure hits you!!
Ouch! That really hurt!
You die...

...)....###........^.##
........##...........#
........#.....>......##.
###.....#...............
#.....#...............
#.................!#.#
..................#.#
....................
..........@.......
..........M......
...........#....
......######### ......
..#### ..


You could see Menkaure.

Vanquished Creatures
  An ogre (D:3)
  A bullfrog skeleton (D:4)
  A centaur skeleton (D:4)
  A worker ant (D:2)
  An adder (D:2)
  4 worms
  2 dart slugs (D:1)
  An orc (D:3)
  5 giant cockroaches
  7 goblins
  5 hobgoblins
  3 jackals (D:2)
  2 quokkas
  7 bats
  8 frilled lizards
  14 kobolds
  3 rats
66 creatures vanquished.

Notes
Turn   | Place    | Note
-------+----------+-------------------------------------------
     0 | D:1      | thiole the Octopode Hedge Wizard began the quest for the
                  | Orb.
     0 | D:1      | Reached XP level 1. HP: 11/11 MP: 4/4
   409 | D:1      | Reached XP level 2. HP: 12/17 MP: 0/6
   956 | D:2      | Reached XP level 3. HP: 21/21 MP: 2/7
  1271 | D:2      | Reached skill level 1 in Fighting
  1465 | D:2      | Reached skill level 1 in Short Blades
  1465 | D:2      | Reached XP level 4. HP: 16/29 MP: 3/8
  2034 | D:3      | Noticed an ogre
  2046 | D:3      | Killed an ogre
  2047 | D:3      | Reached skill level 1 in Shields
  2047 | D:3      | Reached XP level 5. HP: 19/34 MP: 3/9
  2988 | D:3      | Found a faded altar of an unknown god.
  3365 | D:4      | Noticed Menkaure
  3371 | D:4      | Found a staircase to the Ecumenical Temple.
  3380 | Temple   | Entered the Ecumenical Temple
  3586 | D:4      | Reached XP level 6. HP: 27/39 MP: 2/10
  3687 | D:4      | Slain by Menkaure

Illustrated notes

Levels and vault maps discovered:
D:1:      saegor_arrival_simple_b, layout_basic
D:2:      layout_rooms
D:3:      layout_basic, chequers_ecumenical_altar_twisty
D:4:      minmay_clustersquares, layout_rooms, overflow_temple_1_default,
          minmay_temple_entry_overgrown, serial_shops, shop, uniq_menkaure,
          uniq_grinder
Temple:   nicolae_temple_elliptical

Skill      XL: |  1  2  3  4  5 |
---------------+----------------+-----
Conjurations   | 2 3 |  3.0
Fighting       | 2 |  2.0
Short Blades   | 1 2 3 |  3.2
Shields        | 1 2 |  2.6
Dodging        | |  2.0
Stealth        | |  2.6
Spellcasting   | |  3.0
Summonings     | |  1.0
Translocations | |  1.0

Action                   |  1- 3 |  4- 6 || total
-------------------------+-------+-------++-------
Melee: Dagger            |    15 |       ||    15
       Constrict         |     8 |     9 ||    17
       Tentacles         |     6 |     6 ||    12
       Short sword       |    21 |    32 ||    53
 Cast: Magic Dart        |    73 |    56 ||   129
 Stab: Sleeping          |     1 |     4 ||     5
       Distracted        |       |     1 ||     1
Armor: Skin              |     5 |     1 ||     6
Dodge: Dodged            |    30 |    21 ||    51
Block: Kite shield       |       |     3 ||     3
